 Dungeon Crawl Stone Soup version 0.25-a0-661-g55ea3d2053 (webtiles) character file.

Game seed: 14575197587639149488, levelgen mode: deterministic

1087 n0claF the Skirmisher (level 8, -1/71 HPs)
             Began as a Hill Orc Monk on Mar 23, 2020.
             Engulfed by Maggie's flame (2 damage)
             ... on level 6 of the Dungeon.
             The game lasted 00:16:43 (5158 turns).

n0claF the Skirmisher (Hill Orc Monk)               Turns: 5158, Time: 00:16:44

Health: -1/71      AC: 14    Str: 16    XL:     8   Next: 30%
Magic:  0/8        EV:  8    Int: 10    God:
Gold:   200        SH:  0    Dex: 13    Spells: 7/7 levels left

rFire    . . .     SeeInvis .   d - +2 dagger (venom)
rCold    . . .     Gourm    .   (no shield)
rNeg     . . .     Faith    .   x - +0 chain mail
rPois    +         Spirit   +   p - +0 helmet
rElec    .         Reflect  .   w - scarf {Spirit}
rCorr    .         Harm     .   g - +1 pair of gloves
MR       +....                  k - +0 pair of boots
Stlth    ..........             u - amulet of guardian spirit
HPRegen  0.21/turn              q - ring of poison resistance
MPRegen  0.11/turn              l - ring of protection from magic

@: mesmerised
A: no striking features
a: no special abilities


You were on level 6 of the Dungeon.
You were not hungry.

You visited 1 branch of the dungeon, and saw 6 of its levels.

You collected 200 gold pieces.

Inventory:

Hand Weapons
 d - a +2 dagger of venom (weapon)
   (You found it on level 1 of the Dungeon)
Armour
 g - a +1 pair of gloves (worn)
   (You found it on level 1 of the Dungeon)
 k - a +0 pair of boots (worn)
   (You found it on level 1 of the Dungeon)
 p - a +0 helmet (worn)
   (You found it on level 4 of the Dungeon)
 w - a scarf of spirit shield (worn)
   (You found it on level 3 of the Dungeon)
 x - a +0 chain mail (worn)
   (You found it on level 3 of the Dungeon)
Jewellery
 l - a ring of protection from magic (right hand)
   (You found it on level 5 of the Dungeon)
 q - a ring of poison resistance (left hand)
   (You found it on level 4 of the Dungeon)
 t - an uncursed ring of protection from cold
   (You found it on level 4 of the Dungeon)
 u - an amulet of guardian spirit (around neck)
   (You found it on level 5 of the Dungeon)
Wands
 v - a wand of scattershot (4)
   (You found it on level 3 of the Dungeon)
Scrolls
 b - a scroll of enchant armour
 c - 4 scrolls of identify {@r1}
 f - 3 scrolls of teleportation {@r4}
 i - a scroll of magic mapping
 j - 6 scrolls of remove curse {@r2}
 o - a scroll of fear
Potions
 h - 2 potions of heal wounds {@q2}
 m - a potion of haste {@q3}
 n - 2 potions of might
 r - a potion of brilliance
 s - 2 potions of lignification {!q}
 z - a potion of curing {@q1}
 A - a potion of stabbing
Comestibles
 a - 2 chunks of flesh
 e - 11 rations {!d}


   Skills:
 + Level 6.7 Fighting
 * Level 6.1 Short Blades
   Level 5.0 Axes
 + Level 4.9 Armour
 - Level 2.4 Dodging
 - Level 1.5 Stealth


You had 7 spell levels left.
You didn't know any spells.
Your spell library contained the following spells:

 Spells                   Type           Power        Failure   Level  Hunger
 Beastly Appendage        Tmut           #.....       99%         1    ##.....
 Sticks to Snakes         Tmut           #.......     100%        2    ###....
 Spider Form              Tmut/Pois      #.........   100%        3    ####...
 Ice Form                 Ice/Tmut       #.......     100%        4    #####..
 Blade Hands              Tmut           #.........   100%        5    ######.


Dungeon Overview and Level Annotations

Branches:
Dungeon (6/15)             Temple (0/1) D:6

Altars:
Fedhas
Kikubaaqudgha

Annotations:
D:5 2 transporters, t4s4d4r's ghost, novice OpFi
D:6 Maggie


Message History

A scorpion is nearby!
The scorpion stings you but does no damage.
You hit the scorpion but do no damage.
The scorpion is poisoned.
You barely miss the scorpion.
The scorpion stings you but does no damage.
You completely miss the scorpion.
The scorpion stings you but does no damage.
You hit the scorpion.
The scorpion looks as sick as possible!
You hit the scorpion but do no damage.
The scorpion looks as sick as possible!
The scorpion stings you but does no damage.
You closely miss the scorpion.
You kill the scorpion!
No target in view!
Maggie the Vainglorious comes into view.
She is wielding a +0 glaive and carrying a wand of clouds (3).
Maggie shouts!
Maggie casts a spell at you. The bolt of fire hits you!
Maggie casts a spell at you. The bolt of fire hits you!!
Maggie hits you with a +0 glaive!
* * * LOW HITPOINT WARNING * * *
You are too injured to fight recklessly!
You hit Maggie but do no damage. You closely miss Maggie.
Maggie gestures wildly while chanting.
Maggie attempts to bespell you! You resist with almost no effort.
You completely miss Maggie.
Maggie points at you and mumbles some strange words.
The bolt of fire hits you!
* * * LOW HITPOINT WARNING * * *
You hit Maggie but do no damage. You hit Maggie.
Maggie gestures wildly while chanting.
Maggie attempts to bespell you!
You are mesmerised by Maggie!
Unknown command.
You hit Maggie but do no damage.
Maggie is poisoned.
Maggie zaps a wand.
Maggie creates a blast of flame!
You hit Maggie.
Maggie looks even sicker.
You are engulfed in blazing flames.
Unknown command.
You hit Maggie but do no damage.
Maggie looks as sick as possible!
You are engulfed in blazing flames.
* * * LOW HITPOINT WARNING * * *
Maggie says, "Leave now, and tell all of Margery's mercy!"
Maggie completely misses you.
You hit Maggie.
You are engulfed in blazing flames.
* * * LOW HITPOINT WARNING * * *
You hit Maggie.
You are engulfed in blazing flames.
You die...

... #.# #.# #.# # #.#
#.##.## #...§@####
#@§...#
#§###..##○#.##
####### ##§# ##○#○##
......## ##§.#
#○#○##. .......##
#..## #.#○#..
........# #.##
#.#○#.# ........# #.#
#.#☼#.. ........#
##.#########.#☼##.
......†.#
#.........<#.#☼###..#


You could see Maggie.

Vanquished Creatures
  A sky beast (D:6)
  2 black bears (D:6)
  An ogre (D:6)
  A bullfrog (D:6)
  2 scorpions
  A bullfrog zombie (D:5)
  2 crimson imps
  A bullfrog skeleton (D:4)
  A hound (D:6)
  A centaur skeleton (D:4)
  3 iguanas
  3 worker ants
  A hound skeleton (D:4)
  A howler monkey skeleton (D:4)
  7 adders
  An ooze (D:3)
  2 adder skeletons
  4 worms
  2 leopard geckos
  8 orcs
  4 giant cockroaches
  10 goblins
  11 hobgoblins
  9 jackals
  9 kobolds
  6 quokkas
  10 bats
  7 frilled lizards
  A leopard gecko zombie (D:5)
  A quokka skeleton (D:4)
  5 rats
118 creatures vanquished.

Notes
Turn   | Place    | Note
-------+----------+-------------------------------------------
     0 | D:1      | n0claF the Hill Orc Monk began the quest for the Orb.
     0 | D:1      | Reached XP level 1. HP: 19/19 MP: 1/1
   210 | D:1      | Reached XP level 2. HP: 25/27 MP: 2/2
   483 | D:1      | Reached skill level 1 in Armour
   678 | D:1      | Reached XP level 3. HP: 33/33 MP: 3/3
  1038 | D:1      | Reached skill level 5 in Axes
  1347 | D:2      | Reached skill level 1 in Short Blades
  1347 | D:2      | Reached XP level 4. HP: 29/41 MP: 4/4
  1908 | D:2      | Reached XP level 5. HP: 44/47 MP: 5/5
  2450 | D:3      | Found a blossoming altar of Fedhas.
  2916 | D:4      | Reached skill level 5 in Fighting
  2916 | D:4      | Reached XP level 6. HP: 33/56 MP: 4/6
  3907 | D:5      | Entered Level 5 of the Dungeon
  3907 | D:5      | Found a transporter.
  3983 | D:5      | Reached XP level 7. HP: 57/61 MP: 7/7
  4039 | D:5      | You fall into a shaft and drop 1 floor!
  4050 | D:5      | Found an ancient bone altar of Kikubaaqudgha.
  4388 | D:5      | Found a transporter.
  4404 | D:5      | Noticed t4s4d4r's ghost (novice OpFi)
  4592 | D:6      | Found a staircase to the Ecumenical Temple.
  4701 | D:6      | Reached skill level 5 in Short Blades
  4964 | D:6      | Reached XP level 8. HP: 70/71 MP: 8/8
  5142 | D:6      | Noticed Maggie
  5157 | D:6      | HP: 1/71 [Maggie] (11)]
  5158 | D:6      | Engulfed by Maggie's flame

Levels and vault maps discovered:
D:1:      minmay_arrival_three_doors, layout_basic
D:2:      layout_loops_ring
D:3:      layout_rooms, first_ration, st_stairs_5,
          chequers_serial_rivers_micro_d, minivault_27, fedhas_altar_fruit_tree
D:4:      cheibrodos_barr_body, layout_basic
D:5:      layout_basic, nicolae_overflow_crystal_walls,
          gammafunk_ghost_stat_death
D:6:      lemuel_ice_spiral_2, layout_rooms, minmay_temple_entry_tees,
          uniq_maggie

Skill      XL: |  1  2  3  4  5  6  7  8 |
---------------+-------------------------+-----
Armour         | 1 2 3 4 |  4.9
Fighting       | 4 5 6 |  6.7
Axes           | 5 |  5.0
Short Blades   | 1 2 3 4 5 6 |  6.1
Dodging        | |  2.4
Stealth        | |  1.5

Action                   |  1- 3 |  4- 6 |  7- 9 || total
-------------------------+-------+-------+-------++-------
Melee: Hand axe          |    88 |       |       ||    88
       Dagger            |    24 |   263 |   139 ||   426
  Use: Scroll            |       |    12 |     4 ||    16
 Stab: Sleeping          |     7 |     1 |       ||     8
  Eat: Chunk             |     1 |     9 |     1 ||    11
       Ration            |       |       |     1 ||     1
Armor: Robe              |     8 |       |       ||     8
       Ring mail         |     6 |    32 |       ||    38
       Chain mail        |       |    99 |    74 ||   173
       Leather armour    |       |     9 |       ||     9
Dodge: Dodged            |    77 |   117 |    43 ||   237

Table legend:
 A = Non-vault XP
 B = Vault XP
 C = Vault XP percentage of total XP
 D = Non-vault monster count
 E = Vault monster count
 F = Vault count percentage of total count
                 A         B        C        D         E       F
            +---------+---------+-------+---------+---------+-------
      Total |    1411 |     142 |   9.1 |     109 |       9 |   7.6
            +---------+---------+-------+---------+---------+-------
        D:1 |      51 |       0 |   0.0 |      31 |       0 |   0.0
        D:2 |     120 |       0 |   0.0 |      20 |       0 |   0.0
        D:3 |      70 |       4 |   5.4 |      24 |       2 |   7.7
        D:4 |     225 |     138 |  38.0 |      16 |       7 |  30.4
        D:5 |     130 |       0 |   0.0 |       6 |       0 |   0.0
        D:6 |     815 |       0 |   0.0 |      12 |       0 |   0.0
            +---------+---------+-------+---------+---------+-------
